 Dungeon Crawl Stone Soup version 0.30-a0-12-gd8047c6341 (webtiles) character file.

Game seed: 124735109695248938

375 Spectrina the Magician (level 7, -3/49 HPs)
             Began as a Djinni Venom Mage on Aug 23, 2022.
             Killed by divine providence
             ... invoked by an orc priest
              (12 damage)
             ... on level 3 of the Dungeon.
             The game lasted 00:20:05 (1973 turns).

Spectrina the Magician (Djinni Venom Mage)          Turns: 1973, Time: 00:20:06

Health: -3/49      AC:  5    Str: 11    XL:     7   Next: 3%
Gold:   123        EV: 13    Int: 25    God:
                   SH:  0    Dex: 13

rFire   + + .      SeeInvis .    j - +0 sling
rCold   x . .      Faith    .    (no shield)
rNeg    . . .      Spirit   .    a - +0 robe
rPois   ∞          Reflect  .    (no helmet)
rElec   .          Harm     .    (no cloak)
rCorr   .          Rampage  .    c - +2 pair of gloves "Qoys" {+Inv rPois Will+ Str+4}
Will    +....                    (boots unavailable)
Stlth   ++........               (no amulet)
HPRegen 0.16/turn                g - +6 ring of intelligence
MPRegen 0.00/turn                (no ring)

@: attractive, flying
A: sickness immunity, fire resistance 2, cold vulnerability 1, float, innate
caster, HP casting, extra vitality 1
a: Evoke Invisibility


You were on level 3 of the Dungeon.
You visited 2 branches of the dungeon, and saw 7 of its levels.
You also visited: Ossuary.

You collected 123 gold pieces.

Inventory:

Hand Weapons
 f - a +0 flail of draining
 j - a +0 sling (weapon)
Armour
 a - a +0 robe (worn)
 c - the +2 pair of gloves "Qoys" (worn) {+Inv rPois Will+ Str+4}
   (You acquired it on level 5 of the Dungeon)

   Str:       It affects your strength (+4).
   rPois:     It protects you from poison.
   +Inv:      It lets you turn invisible.
   Will:      It increases your willpower.
 e - a +0 pair of gloves
Jewellery
 g - a +6 ring of intelligence (left hand)
Scrolls
 d - a scroll of vulnerability
 k - a scroll of torment {unknown}
 l - a scroll of noise {unknown}
 o - 2 scrolls of fear {unknown}
 r - a scroll of magic mapping {unknown}
 w - a scroll of enchant weapon
Potions
 b - 2 potions of heal wounds {unknown}
 h - 2 potions of degeneration {unknown}
 n - a potion of cancellation {unknown}
 q - 5 potions of resistance
 s - a potion of lignification {unknown}
 t - a potion of flight {unknown}
 v - a potion of curing {unknown}
 x - a potion of ambrosia {unknown}


   Skills:
 + Level 2.6 Fighting
 + Level 3.5 Dodging
 + Level 2.8 Stealth
 * Level 3.8 Spellcasting
 + Level 2.3 Invocations
 + Level 0.1 Evocations


You couldn't memorise any spells.
You knew the following spells:

 Your Spells              Type           Power      Damage    Failure   Level
a - Sting                 Tmut/Pois      92%        1d7       1%          1
f - Searing Ray           Conj           46%        2d6       3%          2
l - Mephitic Cloud        Conj/Pois/Air  23%        N/A       6%          3
o - Summon Small Mammal   Summ           92%        N/A       1%          1
p - Call Canine Familiar  Summ           23%        N/A       6%          3
q - Poisonous Vapours     Pois/Air       46%        N/A       3%          2
w - Olgreb's Toxic Radia  Pois           23%        N/A       19%         4
Your spell library was empty.

Dungeon Overview and Level Annotations

Branches:
Dungeon (6/15)             Temple (1/1) D:5         Ossuary (visited)

Altars:
Nemelex Xobeh
Qazlal
Yredelemnul

Annotations:
D:5 Crazy Yiuf, Menkaure
D:6 Dowan, Duvessa


Innate Abilities, Weirdness & Mutations

You are immune to sickness and miasma.
You are immune to poison.
Your flesh is very heat resistant. (rF++)
You are vulnerable to cold. (rC-)
You float through the air rather than walking.
You learn spells naturally, not from books.
Your magical power is your life essence.
You have superior vitality. (+4 MHP)


Message History

Aim: a giant cockroach (asleep, 98% to hit)
You shoot a sling bullet.
The sling bullet hits the giant cockroach.
The giant cockroach is heavily wounded.
Casting: Call Canine Familiar (dangerous; 6% risk of failure)
Confirm with . or Enter, or press ? or * to list all spells.
Aiming: Sting (safe; 1% risk of failure)
Press: ? - help, Shift-Dir - straight line, f/p - giant cockroach
Aim: a giant cockroach (heavily wounded, 76% to hit)
The sting misses the giant cockroach.
* * * LOW HITPOINT WARNING * * *
Unknown command.
Casting: Sting (safe; 1% risk of failure)
Confirm with . or Enter, or press ? or * to list all spells.
Aiming: Sting (safe; 1% risk of failure)
Press: ? - help, Shift-Dir - straight line, f/p - giant cockroach
Aim: a giant cockroach (heavily wounded, 76% to hit)
The sting hits the giant cockroach.
The giant cockroach is poisoned.
The giant cockroach is almost dead.
* * * LOW HITPOINT WARNING * * *
You kill the giant cockroach!
You now have 123 gold pieces (gained 2).
You see here a giant cockroach corpse.
There is a large open door here.
You reach down and open the door.
An orc and an orc priest come into view.
The orc shouts!
The orc priest shouts!
You hear a shout!
Unknown command.
You reach down and close the door.
Okay, then.
Casting: Sting (safe; 1% risk of failure)
Confirm with . or Enter, or press ? or * to list all spells.
* * * LOW HITPOINT WARNING * * *
An orc priest opens the door.
An orc comes into view. It is wielding a +0 flail.
It was a potion of attraction.
You feel attractive to monsters.
The orc priest mumbles some strange prayers to Beogh against you.
Beogh smites you!
You die...

#.# #.# ###### #.# #.#
##########..#.#######>######.#
#........##..................#
#........#......####..###.##<#
#...##...#.#...## #.........#
#.†####..'.##h## #.####.##.#
#..####..'.##.# #)# #..##.# ##
#...##...####@# #.........#
#.##..(.....# #'## #####.#####
#>#........###.o.## #.
#.###########.....## #. ###
#.......# ##......o## ..#
#.#.....####.........# #.#
...#.......'.....o...' #.#
.##.#...####......o..## #># .
#.#..## ##.......# #.#


You could see an orc priest, 3 orcs and a friendly hound (summoned).

Vanquished Creatures
  2 scorpions (D:5)
  2 iguanas
  8 mummies (Ossuary)
  2 adders
  6 orcs
  A ball python (D:4)
  An endoplasm (D:2)
  A giant cockroach (D:3)
  A goblin (D:4)
  A hobgoblin (D:4)
  2 gnoll skeletons (Ossuary)
  An orc skeleton (Ossuary)
  A rat (D:3)
  11 rat skeletons (Ossuary)
40 creatures vanquished.

Vanquished Creatures (collateral kills)
  4 mummies (Ossuary)
  A giant cockroach (D:3)
  2 gnoll skeletons (Ossuary)
  2 goblin skeletons (Ossuary)
  A kobold skeleton (Ossuary)
10 creatures vanquished.

Grand Total: 50 creatures vanquished

Notes
Turn   | Place    | Note
-------+----------+-------------------------------------------
     0 | D:1      | Spectrina the Djinni Venom Mage began the quest for the
                  | Orb.
     0 | D:1      | Spectrina set off with the following spells memorised:
                  | Sting, Poisonous Vapours, Mephitic Cloud, Olgreb's Toxic
                  | Radiance.
     0 | D:1      | Reached XP level 1. HP: 15/15 MP: 0/0
    76 | D:3      | Found a faded altar of an unknown god.
   330 | D:4      | Noticed an iguana
   348 | D:4      | Killed an iguana
   349 | D:4      | Reached XP level 2. HP: 16/22 MP: 0/0
   349 | D:4      | Reached XP level 3. HP: 19/26 MP: 0/0
   349 | D:4      | Learned a level 1 spell: Summon Small Mammal
   441 | D:4      | Reached skill level 1 in Fighting
   441 | D:4      | Reached skill level 1 in Invocations
   445 | D:4      | Found a stormy altar of Qazlal.
   467 | D:5      | Entered Level 5 of the Dungeon
   506 | D:5      | Noticed a scorpion
   508 | D:5      | Killed a scorpion
   509 | D:5      | Reached XP level 4. HP: 22/32 MP: 0/0
   509 | D:5      | Reached XP level 5. HP: 25/37 MP: 0/0
   509 | D:5      | Learned a level 2 spell: Searing Ray
   664 | D:5      | Found a sand-covered staircase.
   700 | Ossuary  | Entered an ossuary
   903 | Ossuary  | Reached XP level 6. HP: 41/43 MP: 0/0
  1439 | D:5      | Upgraded the game from 0.30-a0-6-g7c9e10e132 to
                  | 0.30-a0-12-gd8047c6341
  1523 | D:5      | Found a staircase to the Ecumenical Temple.
  1529 | Temple   | Entered the Ecumenical Temple
  1618 | D:5      | Found a runed translucent door.
  1619 | D:5      | Noticed Crazy Yiuf
  1729 | D:6      | Noticed Duvessa
  1729 | D:6      | Noticed Dowan
  1825 | D:5      | Noticed Menkaure
  1832 | D:5      | Identified a scroll of acquirement
  1843 | D:5      | Acquired the +2 pair of gloves "Qoys" {+Inv rPois Will+
                  | Str+4}
  1904 | D:3      | Reached XP level 7. HP: 10/49 MP: 0/0
  1904 | D:3      | Learned a level 3 spell: Call Canine Familiar
  1973 | D:3      | Killed from afar by an orc priest

Illustrated notes

Levels and vault maps discovered:
D:1:      saegor_arrival_simple_b, layout_basic
D:2:      layout_loops_corners, uniq_jessica, uniq_robin, uniq_terence
D:3:      layout_loops_corners, slow_altar_2, nicolae_ecumenical_lake_church,
          kennysheep_generic_room_6
D:4:      layout_loops_ring, tgw_sif, mainiacjoe_overflow_six_doors_small,
          kennysheep_mini_moat, uniq_edmund, uniq_eustachio
D:5:      layout_basic, minmay_temple_entry_enclosed_plants,
          nicolae_ossuary_entry_monument, uniq_menkaure, uniq_crazy_yiuf_cottage
D:6:      layout_cave_pools, mainiacjoe_overflow_24_doors,
          nicolae_ru_sacrificial_ziggurat, nicolae_elyvilon_peaceful_grove,
          uniq_maggie, uniq_duvessa
Temple:   dpeg_chambers_temple

Skill      XL: |  1  2  3  4  5  6 |
---------------+-------------------+-----
Fighting       | 1 2 |  2.6
Invocations    | 1 2 |  2.3
Stealth        | 2 |  2.8
Spellcasting   | 3 |  3.8
Dodging        | 3 |  3.5
Evocations     | |  0.1

Action                   |  1- 3 |  4- 6 |  7- 9 || total
-------------------------+-------+-------+-------++-------
Melee: Flail             |     1 |     2 |     7 ||    10
 Fire: Sling             |       |    28 |     4 ||    32
 Cast: Sting             |    13 |     2 |     2 ||    17
       Poisonous Vapours |     3 |       |       ||     3
       Summon Small Mamm |       |    69 |       ||    69
       Searing Ray       |       |    18 |       ||    18
       Call Canine Famil |       |       |     2 ||     2
  Use: Scroll            |       |     7 |       ||     7
       Potion            |       |     1 |     1 ||     2
Armor: Robe              |     1 |     1 |     6 ||     8
Dodge: Dodged            |     2 |     3 |     8 ||    13

Table legend: (Time is in decaauts)
 A = Elapsed time spent in this place.
 B = Non-inter-level travel time spent in this place.
 C = Inter-level travel time spent in this place.
 D = Time resting spent in this place.
 E = Time spent auto-exploring this place.
 F = Levels seen in this place.
 G = Mean time per level.
                   A        B        C        D        E       F      G
               +--------+--------+--------+--------+--------+-----+--------+
         Total |   1989 |   1970 |     19 |      0 |    148 |   8 |  248.6 |
       Dungeon |   1239 |   1220 |     19 |      0 |      0 |   6 |  206.5 |
        Temple |      5 |      5 |      0 |      0 |      0 |   1 |    5.0 |
       Ossuary |    744 |    744 |      0 |      0 |    148 |   1 |  744.0 |
               +--------+--------+--------+--------+--------+-----+--------+

Top non-repeatable levels by time:
 Ossuary: 744 daAuts
     D:5: 584 daAuts
     D:4: 370 daAuts
     D:3: 217 daAuts
     D:2: 53 daAuts
     D:1: 11 daAuts
  Temple: 5 daAuts
     D:6: 1 daAuts
